 Dungeon Crawl Stone Soup version 0.21-a0-513-gdcb3f5e (webtiles) character file.

534 Hafrunt the Firebug (level 7, 0/50 HPs)
             Began as a Red Draconian Fire Elementalist on Dec 1, 2017.
             Slain by a sky beast (1 damage)
             ... on level 5 of the Dungeon.
             The game lasted 00:15:33 (3927 turns).

Hafrunt the Firebug (DrFE)                          Turns: 3927, Time: 00:15:33

Health: 0/50       AC:  6    Str: 10    XL:     7   Next: 4%
Magic:  7/13       EV: 12    Int: 15    God:
Gold:   237        SH:  0    Dex: 12    Spells: 4/14 levels left

rFire    + . .     SeeInvis .   t - +1 spear
rCold    . . .     Gourm    .   (no shield)
rNeg     . . .     Faith    .   (armour unavailable)
rPois    .         Spirit   .   (helmet restricted)
rElec    .         Reflect  .   (no cloak)
rCorr    .         Harm     .   (no gloves)
MR       .....                  (no boots)
Stlth    ++........             (no amulet)
HPRegen  0.16/turn              (no ring)
MPRegen  0.13/turn              (no ring)

@: very slightly contaminated
A: breathe fire, unfitting armour, deterioration 1, dopey 1, fire resistance 1,
cold-blooded, AC +6
a: Breathe Fire


You were on level 5 of the Dungeon.
You were not hungry.

You visited 1 branch of the dungeon, and saw 5 of its levels.

You collected 237 gold pieces.

Inventory:

Hand Weapons
 t - a +1 spear (weapon)
Missiles
 c - 39 sling bullets (quivered)
Scrolls
 d - a scroll of noise {unknown}
 e - a scroll of magic mapping
 j - 7 scrolls of identify {unknown}
 m - 3 scrolls of enchant armour
 n - 3 scrolls of remove curse
Potions
 f - a potion of lignification {unknown}
 h - a potion of experience {unknown}
 i - a potion of flight {unknown}
 l - 3 potions of mutation
 p - a potion of degeneration {unknown}
 r - 2 potions of curing {unknown}
 s - a potion of heal wounds {unknown}
 u - 2 potions of might {unknown}
 v - 2 potions of brilliance {unknown}
Books
 a - a book of Flames

   Spells                             Type                      Level
   a - Flame Tongue                   Conjuration/Fire             1
   b - Throw Flame                    Conjuration/Fire             2
   c - Conjure Flame                  Conjuration/Fire             3
   d - Inner Flame                    Hexes/Fire                   3
   e - Sticky Flame                   Conjuration/Fire             4
   f - Fireball                       Conjuration/Fire             5
Comestibles
 b - 3 bread rations
 g - 5 fruits
 k - a chunk of flesh
 o - a royal jelly
 q - a meat ration


   Skills:
 - Level 1.7 Dodging
 - Level 1.7 Stealth
 + Level 4.3 Spellcasting
 + Level 4.2 Conjurations
 + Level 6.3 Fire Magic


You had 4 spell levels left.
You knew the following spells:

 Your Spells              Type           Power        Failure   Level  Hunger
a - Flame Tongue          Conj/Fire      ###..        1%          1    None
b - Throw Flame           Conj/Fire      ###...       3%          2    ##.....
c - Conjure Flame         Conj/Fire      ###.....     6%          3    ###....
d - Sticky Flame          Conj/Fire      ###.....     21%         4    ####...


Dungeon Overview and Level Annotations

Branches:
Dungeon (5/15)
 Temple: D:4-7

Altars:
Gozag
Ru


Innate Abilities, Weirdness & Mutations

You can breathe blasts of fire.
Your fiery red scales are hard. (AC +6)
You cannot fit into any form of body armour.
Your flesh is heat resistant. (rF+)
You are cold-blooded and may be slowed by cold attacks.
Your body sometimes deteriorates upon taking damage.
You are dopey. (Int -2)


Message History

You hit something but do no damage. Something hits you. Something shocks you.
You hit something. Something hits you. Something shocks you.
You hit something. You tail-slap something.
A sky beast appears from thin air!
Reactivating autopickup.
The sky beast closely misses you.
The sky beast flickers out of sight!
Deactivating autopickup; reactivate with Ctrl-A.
Something hits you but does no damage.
You barely miss something. Something barely misses you.
You closely miss something. Something hits you.
* * * LOW HITPOINT WARNING * * *
Something shocks you.
* * * LOW HITPOINT WARNING * * *
You completely miss something. Something hits you.
* * * LOW HITPOINT WARNING * * *
Something shocks you.
* * * LOW HITPOINT WARNING * * *
It was a potion of mutation.
You feel extremely strange.
You feel stupid. x2; You feel yourself wasting away.
You feel clever. Something hits you.
You die...

#####.....#
#.........####
#............#
#............#
.........#...#
............#
...[.....##.#
.........##{# .
#........##@# .#
##########..#
..###### ##.##
.......# #..#
.....#.##
####.##
.....#..###....#
....<##..##...##
..............#
....#####.#>..#


There were no monsters in sight!

Vanquished Creatures
  Grinder (D:3)
  A phantom (D:4)
  2 hounds
  2 worker ants (D:4)
  4 adders
  3 oozes
  4 worms
  3 dart slugs
  2 orcs (D:3)
  5 giant cockroaches
  8 goblins
  6 hobgoblins
  4 jackals (D:1)
  6 kobolds
  2 quokkas
  A ball python (D:2)
  4 bats
  3 frilled lizards
  8 rats
69 creatures vanquished.

Notes
Turn   | Place    | Note
-------+----------+-------------------------------------------
     0 | D:1      | Hafrunt the Draconian Fire Elementalist began the quest for the Orb.
     0 | D:1      | Reached XP level 1. HP: 14/14 MP: 3/3
   158 | D:1      | Reached XP level 2. HP: 13/20 MP: 0/5
   961 | D:2      | Reached XP level 3. HP: 26/26 MP: 2/6
   967 | D:2      | Learned a level 2 spell: Throw Flame
   983 | D:2      | Learned a level 3 spell: Conjure Flame
  1234 | D:2      | Reached XP level 4. HP: 33/33 MP: 4/8
  1473 | D:2      | Found a sacrificial altar of Ru.
  1883 | D:3      | Reached skill level 4 in Fire Magic
  2251 | D:3      | Noticed Grinder
  2252 | D:3      | Paralysed by Grinder for 2 turns
  2265 | D:3      | Killed Grinder
  2265 | D:3      | Reached XP level 5. HP: 31/38 MP: 0/10
  2265 | D:3      | Reached XP level 6. HP: 37/45 MP: 0/11
  2559 | D:4      | Learned a level 4 spell: Sticky Flame
  2849 | D:4      | Reached skill level 5 in Fire Magic
  3530 | D:4      | Your scales start taking on a fiery red colour.
  3530 | D:4      | Reached skill level 6 in Fire Magic
  3530 | D:4      | Reached XP level 7. HP: 35/50 MP: 3/13
  3530 | D:4      | Gained mutation: Your flesh is heat resistant. (rF+) [Red Draconian growth]
  3794 | D:5      | Entered Level 5 of the Dungeon
  3795 | D:5      | Upgraded the game from 0.21-a0-511-g5c865af to 0.21-a0-513-gdcb3f5e
  3799 | D:5      | Found an opulent altar of Gozag.
  3926 | D:5      | HP: 1/50 [something (5)]
  3927 | D:5      | Gained mutation: You are dopey. (Int -2) [potion of mutation]
  3927 | D:5      | Gained mutation: You are very dopey. (Int -4) [potion of mutation]
  3927 | D:5      | Gained mutation: Your body sometimes deteriorates upon taking damage. [potion of mutation]
  3927 | D:5      | Lost mutation: You are very dopey. (Int -4) [potion of mutation]
  3927 | D:5      | Slain by a sky beast

Vault maps used:
D:1:      eino_arrival_druids_welcome
D:2:      nicolae_ru_sacrificial_ziggurat
D:3:      uniq_grinder
D:4:      first_bread, hangedman_minor_gate_pass
D:5:      minmay_temple_entry_statues, nicolae_gozag_seed_capital,
          uniq_eustachio

Skill      XL: |  1  2  3  4  5  6 |
---------------+-------------------+-----
Conjurations   | 2 3 4 |  4.2
Spellcasting   | 3 4 |  4.3
Fire Magic     | 4 6 |  6.3
Dodging        | |  1.7
Stealth        | |  1.7

Action                   |  1- 3 |  4- 6 |  7- 9 || total
-------------------------+-------+-------+-------++-------
Melee: Hand axe          |    14 |       |       ||    14
       Unarmed           |     5 |       |       ||     5
       Tailslap          |     4 |     3 |     1 ||     8
       Dagger            |    37 |    12 |       ||    49
       Spear             |       |     9 |    11 ||    20
 Cast: Flame Tongue      |    49 |    95 |     8 ||   152
       Conjure Flame     |       |     4 |     2 ||     6
       Throw Flame       |       |     3 |       ||     3
  Use: Scroll            |       |     6 |       ||     6
       Potion            |       |       |     1 ||     1
  Eat: Chunk             |     2 |     6 |       ||     8
       Fruit             |       |     1 |       ||     1
       Royal jelly       |       |       |     1 ||     1
Armor: Skin              |    15 |    12 |     7 ||    34
Dodge: Dodged            |    67 |    27 |     3 ||    97

Table legend:
 A = Spawn XP
 B = Non-spawn XP
 C = Spawn XP percentage of total XP
 D = Spawn monster count
 E = Non-spawn monster count
 F = Spawn count percentage of total count
 G = Total turns spent on level
                    A         B        C        D         E        F      G
               +---------+---------+-------+---------+---------+-------+---------
         Total |       0 |     764 |   0.0 |       0 |      69 |   0.0 |  3927
               +---------+---------+-------+---------+---------+-------+---------
           D:1 |       0 |      36 |   0.0 |       0 |      20 |   0.0 |   940
           D:2 |       0 |      84 |   0.0 |       0 |      18 |   0.0 |   650
           D:3 |       0 |     355 |   0.0 |       0 |      18 |   0.0 |   845
           D:4 |       0 |     266 |   0.0 |       0 |      10 |   0.0 |  1359
           D:5 |       0 |      23 |   0.0 |       0 |       3 |   0.0 |   133
               +---------+---------+-------+---------+---------+-------+---------
